ITL
TRENTON STARS @ OTSEGO BULLDOGS
08/26/2027
 
TOP OF THE 1ST
Trenton Stars batting - Pitching for Otsego Bulldogs : LHP Esteban Santos
Pitching: LHP Esteban Santos
Batting: SHB Nick Marshall 0-0: DOUBLE (Line Drive, 7LM)
Batting: RHB Ángel Garza 0-0: Ball
1-0: Foul Ball, location: 2F
1-1: Ball
2-1: Called Strike
2-2: Foul Ball, location: 2F
2-2: Ball
3-2: Base on Balls
Batting: RHB George Reeves 0-0: Swinging Strike
0-1: Hit by Pitch
Nick Marshall to third
Ángel Garza to second
Batting: RHB Clancy Booker 0-0: SINGLE (Groundball, 4MD)
Nick Marshall scores
Ángel Garza to third
George Reeves to second
Batting: RHB Rafael Canales 0-0: Ball
1-0: Fly out, F5 (Line Drive, 56)
Batting: RHB Chris Cole 0-0: Ball
1-0: Grounds into double play, 4-6-3 (Groundball, 4)
Top of the 1st over - 1 run(s), 2 hit(s), 0 error(s), 2 left on base; Trenton 1 - Otsego 0
BOTTOM OF THE 1ST
Otsego Bulldogs batting - Pitching for Trenton Stars : RHP John Foster
Pitching: RHP John Foster
Batting: RHB Kyung-bok Cho 0-0: Called Strike
0-1: Called Strike
0-2: Ball
1-2: Foul Ball, location: 2F
1-2: Ground out 1-3 (Groundball, 13S)
Batting: RHB Armando Cuevas 0-0: Ground out 2-3 (Groundball, 15S)
Batting: RHB Felipe Rodríguez 0-0: Called Strike
0-1: Called Strike
0-2: Fly out, F8 (Line Drive, 8LM)
Bottom of the 1st over - 0 run(s), 0 hit(s), 0 error(s), 0 left on base; Trenton 1 - Otsego 0
TOP OF THE 2ND
Trenton Stars batting - Pitching for Otsego Bulldogs : LHP Esteban Santos
Batting: LHB Lee Burton 0-0: Called Strike
0-1: Swinging Strike
0-2: Ball
1-2: Foul Ball, location: 2F
1-2: Strikes out swinging
Batting: RHB Gabriel Villegas 0-0: Ball
1-0: Called Strike
1-1: Ground out 4-3 (Groundball, 4)
Batting: RHB Kenji Murayama 0-0: Ball
1-0: Ground out 5-3 (Groundball, 5)
Top of the 2nd over - 0 run(s), 0 hit(s), 0 error(s), 0 left on base; Trenton 1 - Otsego 0
BOTTOM OF THE 2ND
Otsego Bulldogs batting - Pitching for Trenton Stars : RHP John Foster
Batting: RHB Jorge Cisneros 0-0: Ball
1-0: Swinging Strike
1-1: Ball
2-1: Foul Ball, location: 2F
2-2: Strikes out swinging
Batting: RHB Cristo García 0-0: Called Strike
0-1: Ball
1-1: Ball
2-1: Fly out, F7 (Flyball, 78M)
Batting: RHB Felipe Rego 0-0: Fly out, F9 (Flyball, 89S)
Bottom of the 2nd over - 0 run(s), 0 hit(s), 0 error(s), 0 left on base; Trenton 1 - Otsego 0
TOP OF THE 3RD
Trenton Stars batting - Pitching for Otsego Bulldogs : LHP Esteban Santos
Batting: SHB Nick Marshall 0-0: SINGLE (Flyball, 89S)
Batting: RHB Ángel Garza 0-0: Ball
1-0: Foul Ball, location: 2F
1-1: Foul Ball, location: 2F
1-2: Strikes out swinging
Batting: RHB George Reeves 0-0: Ball
1-0: SINGLE (Groundball, 56) (infield hit)
Nick Marshall to second
Batting: RHB Clancy Booker 0-0: Called Strike
Throwing error on steal attempt, E2
Nick Marshall scores
George Reeves to third
0-1: Ball
1-1: Called Strike
Steal of home, George Reeves is out
1-2: Ball
2-2: Ball
3-2: Foul Ball, location: 2F
3-2: Base on Balls
Batting: RHB Rafael Canales 0-0: Ball
1-0: Ball
2-0: Swinging Strike
2-1: Ground out 1-3 (Groundball, 15)
Top of the 3rd over - 1 run(s), 2 hit(s), 1 error(s), 1 left on base; Trenton 2 - Otsego 0
BOTTOM OF THE 3RD
Otsego Bulldogs batting - Pitching for Trenton Stars : RHP John Foster
Batting: RHB Ramiro Chávez 0-0: Foul Ball, location: 2F
0-1: Called Strike
0-2: Strikes out swinging
Batting: RHB Manuel Ortega 0-0: Ball
1-0: Ground out 4-3 (Groundball, 4)
Batting: LHB Martin Davis 0-0: Called Strike
0-1: Ball
1-1: Ball
2-1: Called Strike
2-2: Foul Ball, location: 2F
2-2: Strikes out swinging
Bottom of the 3rd over - 0 run(s), 0 hit(s), 0 error(s), 0 left on base; Trenton 2 - Otsego 0
TOP OF THE 4TH
Trenton Stars batting - Pitching for Otsego Bulldogs : LHP Esteban Santos
Batting: RHB Chris Cole 0-0: Ball
1-0: Ball
2-0: Ball
3-0: Foul Ball, location: 2F
3-1: Foul Ball, location: 2F
3-2: Base on Balls
Batting: LHB Lee Burton 0-0: SINGLE (Groundball, 25) (infield hit)
Chris Cole to second
Batting: RHB Gabriel Villegas 0-0: Foul Ball, location: 2F
0-1: Foul Ball, location: 2F
0-2: SINGLE (Flyball, 9LS)
Chris Cole to third
Lee Burton to second
Batting: RHB Kenji Murayama 0-0: Foul Ball, location: 2F
0-1: Foul Ball, location: 2F
0-2: Foul Ball, location: 2F
0-2: Fly out, F9 (Flyball, 89S)
Batting: SHB Nick Marshall 0-0: Called Strike
0-1: Swinging Strike
0-2: Strikes out swinging
Batting: RHB Ángel Garza 0-0: Fielders Choice at 2nd, 6-4 (Groundball, 6)
Top of the 4th over - 0 run(s), 2 hit(s), 0 error(s), 2 left on base; Trenton 2 - Otsego 0
BOTTOM OF THE 4TH
Otsego Bulldogs batting - Pitching for Trenton Stars : RHP John Foster
Batting: RHB Kyung-bok Cho 0-0: Ball
1-0: Bunt for hit - play at first, batter OUT! 2-3
Batting: RHB Armando Cuevas 0-0: Ball
1-0: Ground out 6-3 (Groundball, 6)
Batting: RHB Felipe Rodríguez 0-0: Called Strike
0-1: Called Strike
0-2: Strikes out swinging
Bottom of the 4th over - 0 run(s), 0 hit(s), 0 error(s), 0 left on base; Trenton 2 - Otsego 0
TOP OF THE 5TH
Trenton Stars batting - Pitching for Otsego Bulldogs : LHP Esteban Santos
Batting: RHB George Reeves 0-0: Ball
1-0: Ball
2-0: Ball
3-0: Base on Balls
Batting: RHB Clancy Booker 0-0: Called Strike
George Reeves steals 2nd base
0-1: Called Strike
0-2: Fly out, F4 (Popup, 4MD)
Batting: RHB Rafael Canales 0-0: Called Strike
0-1: Called Strike
0-2: Ball
1-2: Ball
2-2: Fly out, F8 (Flyball, 8LM)
Batting: RHB Chris Cole 0-0: Fly out, F7 (Flyball, 7LM)
Top of the 5th over - 0 run(s), 0 hit(s), 0 error(s), 1 left on base; Trenton 2 - Otsego 0
BOTTOM OF THE 5TH
Otsego Bulldogs batting - Pitching for Trenton Stars : RHP John Foster
Batting: RHB Jorge Cisneros 0-0: Ball
1-0: Ball
2-0: Ball
3-0: Base on Balls
Batting: RHB Cristo García 0-0: Called Strike
0-1: Foul Ball, location: 2F
0-2: Foul Ball, location: 2F
0-2: Ball
1-2: Ball
2-2: Ball
Jorge Cisneros steals 2nd base
3-2: Ground out 6-3 (Groundball, 6)
Jorge Cisneros to third
Batting: RHB Felipe Rego 0-0: Ball
1-0: Ball
2-0: Called Strike
2-1: Ground out 6-3 (Groundball, 6)
Jorge Cisneros scores
Batting: RHB Ramiro Chávez 0-0: SINGLE (Groundball, 34D)
Batting: RHB Manuel Ortega 0-0: Called Strike
0-1: Fly out, F8 (Flyball, 78M)
Bottom of the 5th over - 1 run(s), 1 hit(s), 0 error(s), 1 left on base; Trenton 2 - Otsego 1
TOP OF THE 6TH
Trenton Stars batting - Pitching for Otsego Bulldogs : LHP Esteban Santos
Batting: LHB Lee Burton 0-0: Swinging Strike
0-1: Fly out, F9 (Flyball, 89S)
Batting: RHB Gabriel Villegas 0-0: Fly out, F8 (Flyball, 8LM)
Batting: RHB Kenji Murayama 0-0: Ball
1-0: Foul Ball, location: 2F
1-1: Called Strike
1-2: Ball
2-2: Fly out, F9 (Flyball, 9LS)
Top of the 6th over - 0 run(s), 0 hit(s), 0 error(s), 0 left on base; Trenton 2 - Otsego 1
BOTTOM OF THE 6TH
Otsego Bulldogs batting - Pitching for Trenton Stars : RHP John Foster
Batting: LHB Martin Davis 0-0: Called Strike
0-1: Foul Ball, location: 2F
0-2: Ball
1-2: Ground out U3 (Groundball, 34)
Batting: RHB Kyung-bok Cho 0-0: Called Strike
0-1: Ground out 4-3 (Groundball, 34)
Batting: RHB Armando Cuevas 0-0: Called Strike
0-1: Swinging Strike
0-2: Ball
1-2: Strikes out swinging
Bottom of the 6th over - 0 run(s), 0 hit(s), 0 error(s), 0 left on base; Trenton 2 - Otsego 1
TOP OF THE 7TH
Trenton Stars batting - Pitching for Otsego Bulldogs : LHP Esteban Santos
Batting: SHB Nick Marshall 0-0: Ball
1-0: Swinging Strike
1-1: Foul Ball, location: 2F
1-2: Ball
2-2: Ground out 5-3 (Groundball, 56)
Batting: RHB Ángel Garza 0-0: Foul Ball, location: 2F
0-1: Ball
1-1: Called Strike
1-2: Strikes out swinging
Batting: RHB George Reeves 0-0: Ball
1-0: Called Strike
1-1: Swinging Strike
1-2: Foul Ball, location: 2F
1-2: Foul Ball, location: 2F
1-2: Ball
2-2: Foul Ball, location: 2F
2-2: Foul Ball, location: 2F
2-2: Hit by Pitch
Pitching: LHP Mario Solíz
Batting: RHB Clancy Booker 0-0: Ball
George Reeves steals 2nd base
1-0: Ball
2-0: SINGLE (Flyball, 89S)
George Reeves to third
Runner from 3rd tries for Home, SAFE, no throw
Batting: RHB Rafael Canales 0-0: Ball
1-0: Fielders Choice at 2nd, 5-4 (Groundball, 5)
Top of the 7th over - 1 run(s), 1 hit(s), 0 error(s), 0 left on base; Trenton 3 - Otsego 1
BOTTOM OF THE 7TH
Otsego Bulldogs batting - Pitching for Trenton Stars : RHP John Foster
Batting: RHB Felipe Rodríguez 0-0: Ball
1-0: Called Strike
1-1: Ground out 5-3 (Groundball, 56S)
Batting: RHB Jorge Cisneros 0-0: Called Strike
0-1: Foul Ball, location: 2F
0-2: Ball
1-2: Strikes out swinging
Batting: RHB Cristo García 0-0: Called Strike
0-1: Ball
1-1: Ball
2-1: Foul Ball, location: 2F
2-2: Ball
3-2: Foul Ball, location: 2F
3-2: Foul Ball, location: 2F
3-2: Fly out, F9 (Flyball, 89S)
Bottom of the 7th over - 0 run(s), 0 hit(s), 0 error(s), 0 left on base; Trenton 3 - Otsego 1
TOP OF THE 8TH
Trenton Stars batting - Pitching for Otsego Bulldogs : LHP Mario Solíz
Batting: RHB Chris Cole 0-0: Ball
1-0: Called Strike
1-1: Ground out 6-3 (Groundball, 6)
Batting: LHB Lee Burton 0-0: Ground out 5-3 (Groundball, 56)
Batting: RHB Gabriel Villegas 0-0: Called Strike
0-1: Swinging Strike
0-2: Strikes out swinging
Top of the 8th over - 0 run(s), 0 hit(s), 0 error(s), 0 left on base; Trenton 3 - Otsego 1
BOTTOM OF THE 8TH
Otsego Bulldogs batting - Pitching for Trenton Stars : RHP John Foster
Batting: RHB Felipe Rego 0-0: Swinging Strike
0-1: Ball
1-1: Swinging Strike
1-2: Strikes out looking
Batting: RHB Ramiro Chávez 0-0: DOUBLE (Line Drive, 89D) - OUT at third base trying to stretch hit.
Batting: RHB Manuel Ortega 0-0: Foul Ball, location: 2F
0-1: Swinging Strike
0-2: Strikes out swinging, 2-3 out at first.
Bottom of the 8th over - 0 run(s), 1 hit(s), 0 error(s), 0 left on base; Trenton 3 - Otsego 1
TOP OF THE 9TH
Trenton Stars batting - Pitching for Otsego Bulldogs : LHP Mario Solíz
Pitching: RHP Ricardo Trujillo
Batting: RHB Kenji Murayama 0-0: Ball
1-0: Ball
2-0: Foul Ball, location: 2F
2-1: Foul Ball, location: 2F
2-2: SINGLE (Line Drive, 8LS)
Batting: SHB Nick Marshall 0-0: Ground out 4-3 (Groundball, 34)
Kenji Murayama to second
Batting: RHB Ángel Garza 0-0: Ball
1-0: Ball
2-0: Foul Ball, location: 2F
2-1: Ground out 5-3 (Groundball, 56)
Batting: RHB George Reeves 0-0: Ball
1-0: Ground out 4-3 (Groundball, 4)
Top of the 9th over - 0 run(s), 1 hit(s), 0 error(s), 1 left on base; Trenton 3 - Otsego 1
BOTTOM OF THE 9TH
Otsego Bulldogs batting - Pitching for Trenton Stars : RHP John Foster
Pitching: RHP Jonathan Booker
Batting: LHB Martin Davis 0-0: Ball
1-0: Called Strike
1-1: Foul Ball, location: 2F
1-2: Foul Ball, location: 2F
1-2: Foul Ball, location: 2F
1-2: Ground out 4-3 (Groundball, 34)
Batting: RHB Kyung-bok Cho 0-0: Ball
1-0: Fly out, F6 (Line Drive, 6)
Batting: RHB Armando Cuevas 0-0: Ball
1-0: Foul Ball, location: 2F
1-1: Swinging Strike
1-2: Ball
2-2: SINGLE (Groundball, 56D)
Batting: RHB Felipe Rodríguez 0-0: Ball
1-0: Fly out, F6 (Popup, 6MS)
Bottom of the 9th over - 0 run(s), 1 hit(s), 0 error(s), 1 left on base; Trenton 3 - Otsego 1
Thursday, March 30th, 2017 - OOTP Baseball 17.12 Build 75